 Dungeon Crawl Stone Soup version 0.30-a0-1094-g860fb061e7 (webtiles) character file.

Game seed: 5327386148369530858

22446 Armakuni the Fencer (level 13, -17/101 HPs)
             Began as a Human Monk on Apr 13, 2023.
             Was a Believer of Elyvilon.
             Demolished by a boulder beetle (47 damage)
             ... on level 12 of the Dungeon on Apr 18, 2023.
             The game lasted 00:34:30 (10101 turns).

Armakuni the Fencer (Human Monk)                   Turns: 10101, Time: 00:34:30

Health: -17/101    AC:  6    Str: 18    XL:     13   Next: 27%
Magic:  19/20      EV: 14    Int: 11    God:    Elyvilon [**....]
Gold:   515        SH:  0    Dex: 26    Spells: 12/12 levels left

rFire   . . .      SeeInvis .    a - +3 great sword (heavy)
rCold   . . .      Faith    .    (shield currently unavailable)
rNeg    . . .      Spirit   .    L - +0 troll leather armour
rPois   .          Reflect  .    (no helmet)
rElec   .          Rampage  .    C - +0 cloak
rCorr   .                        N - +0 pair of gloves
Will    .....                    (no boots)
Stlth   ++                       R - amulet of regeneration
HPRegen 1.96/turn                D - +6 ring of dexterity
MPRegen 0.17/turn                V - +6 ring of strength

@: about to teleport
A: no striking features
a: Renounce Religion, Purification, Heal Other


You were on level 12 of the Dungeon.
You worshipped Elyvilon.
Elyvilon was pleased with you.
You visited 2 branches of the dungeon, and saw 13 of its levels.
You also visited: Ossuary.

You collected 855 gold pieces.
You spent 340 gold pieces at shops.

Inventory:

Hand Weapons
 a - a +3 heavy great sword (weapon)
 b - a +0 longbow
 f - a +0 scimitar of flaming
Missiles
 t - 4 javelins
 u - 4 curare-tipped darts
 y - 14 boomerangs
Armour
 d - an orb of light
 C - a +0 cloak (worn)
 E - a +4 chain mail
 L - a +0 troll leather armour (worn)
 N - a +0 pair of gloves (worn)
Jewellery
 x - a ring of protection from fire
 D - a +6 ring of dexterity (left hand)
 F - a ring of protection from fire
 J - a ring of ice
 R - an amulet of regeneration (around neck)
 V - a +6 ring of strength (right hand)
Wands
 k - a wand of flame (19)
 l - a wand of quicksilver (1)
 p - a wand of paralysis (10) (quivered)
 H - a wand of polymorph (9)
Scrolls
 c - 3 scrolls of enchant armour
 g - 3 scrolls of poison
 i - 5 scrolls of teleportation
 j - a scroll of vulnerability
 q - a scroll of amnesia
 G - a scroll of noise
 I - a scroll of silence
 K - a scroll of summoning
 M - a scroll of fog
 O - a scroll of fear
Potions
 e - 6 potions of curing
 h - 3 potions of resistance
 m - 3 potions of mutation
 n - 2 potions of flight
 o - 3 potions of cancellation
 r - 4 potions of lignification
 s - 6 potions of heal wounds
 v - 2 potions of invisibility
 w - 3 potions of magic
 z - 2 potions of berserk rage {unknown}
 A - 3 potions of haste {unknown}
 B - 3 potions of attraction {unknown}


   Skills:
 - Level 9.1 Fighting
 + Level 17.3 Long Blades
 - Level 3.0 Dodging
 - Level 2.0 Stealth
 - Level 10.0 Invocations


You had 12 spell levels left.
You didn't know any spells.
Your spell library contained the following spells:

 Spells                   Type           Power      Damage    Failure   Level
 Magic Dart               Conj           0%         1d3       38%         1
 Blink                    Tloc           0%         N/A       54%         2
 Lesser Beckoning         Tloc           0%         N/A       54%         2
 Momentum Strike          Conj/Tloc      0%         3d8       54%         2
 Searing Ray              Conj           0%         2d4       54%         2
 Portal Projectile        Hex/Tloc       0%         N/A       77%         3
 Tukima's Dance           Hex            0%         N/A       77%         3
 Fulminant Prism          Conj/Hex       0%         3d5       99%         4
 Manifold Assault         Tloc           0%         N/A       99%         4
 Blade Hands              Tmut           0%         N/A       100%        5
 Summon Forest            Summ/Tloc      0%         N/A       100%        5
 Summon Mana Viper        Hex/Summ       0%         N/A       100%        5
 Dispersal                Tloc           0%         N/A       100%        6
 Summon Cactus Giant      Summ           0%         N/A       100%        6
 Disjunction              Tloc           0%         N/A       100%        8


Dungeon Overview and Level Annotations

Branches:
Dungeon (12/15)            Temple (1/1) D:7            Lair (0/5) D:11
    Orc (0/2) D:10        Ossuary (visited)

Altars:
Ashenzari
Cheibriados
Dithmenos
Elyvilon
Fedhas
Gozag
Hepliaklqana
Kikubaaqudgha
Makhleb
Okawaru
Qazlal
Ru
Sif Muna
Trog
Uskayaw
Vehumet
Wu Jian
Xom
Yredelemnul
Zin
The Shining One

Shops:
D:3 *   D:10 *


Message History

The boulder beetle hits you!!
The boulder beetle stops rolling and uncurls.
You are too injured to fight recklessly!
You are too injured to fight recklessly!
You are too injured to fight recklessly!
You are too injured to fight recklessly!
You are too injured to fight recklessly!
You are healed.
You can no longer provide healing for yourself.
The boulder beetle bites you but does no damage.
You slash the boulder beetle!
The boulder beetle is severely wounded.
The boulder beetle bites you!! The boulder beetle closely misses you.
You hit the boulder beetle.
The boulder beetle is severely wounded.
The boulder beetle bites you!!
You hit the boulder beetle but do no damage.
The boulder beetle is severely wounded.
The boulder beetle bites you!!
* * * LOW HITPOINT WARNING * * *
Okay, then.
Okay, then.
You hit the boulder beetle but do no damage.
The boulder beetle is severely wounded.
The boulder beetle leaps!
Aiming: Paralyse
Press: ? - help, Shift-Dir - straight line, f - boulder beetle
Aim: a boulder beetle (severely wounded, chance to affect: 31%)
The boulder beetle easily resists.
A boulder beetle comes into view.
The boulder beetle curls into a ball and begins rolling!
Aiming: Paralyse
Press: ? - help, Shift-Dir - straight line, f/p - boulder beetle
Aim: a boulder beetle (severely wounded, rolling, chance to affect: 31%)
Okay, then.
As you read the scroll of teleportation, it crumbles to dust.
You feel strangely unstable.
The boulder beetle attacks as you move away!
The boulder beetle hits you!!!
You die...

###.##..#####.).........
#......
####..#####)).........
...#...
##................
y..##.#
#..............##.. ..
#... ##..#....#.....##..
.... #.###.......###...
#.... #####.............
##.. #....°...)......
#.. ##....°B@......# #..
#............... #..
##.........../.# #.
#.........(...# ..
####...B.....##
#.....##.### ##.##.....#
#.........# #..........#


You could see 2 boulder beetles.

Vanquished Creatures
  A catoblepas (D:11)
  9 two-headed ogres
  Erica (D:8)
  The ghost of bmj180 the Frost Mage, a novice MfIE of Vehumet (D:9)
  Amaemon (D:10)
  3 cyclopes
  2 ugly things (D:11)
  An elephant (D:11)
  A gargoyle (D:12)
  An orange demon (D:10)
  2 komodo dragons
  Psyche (D:8)
  4 trolls
  A hornet (D:10)
  Prince Ribbit (D:8)
  3 slime creatures (D:12)
  A shadow (D:11)
  16 yaks
  2 water elementals (D:11)
  Eustachio (D:6)
  A basilisk (D:11)
  A steam dragon (D:6)
  4 vampire mosquitoes (D:12)
  2 acid dragons
  A water moccasin (D:7)
  A floating eye (D:11)
  3 ice beasts
  5 orc warriors
  An ogre (D:5)
  4 black bears
  8 centaurs
  A phantom (D:5)
  2 kobold brigands
  An elf zombie (Ossuary)
  Blork the orc (D:6)
  2 bullfrogs
  5 scorpions
  8 wights
  15 killer bees
  An electric eel (D:11)
  2 howler monkeys (D:11)
  A centaur zombie (Ossuary)
  2 gnoll boudas
  3 hounds
  4 jellies
  Crazy Yiuf (D:7)
  6 orc priests
  2 sleepcaps (D:4)
  4 iguanas
  Terence (D:2)
  Natasha (D:2)
  17 orc wizards
  4 ogre zombies (Ossuary)
  7 mummies (Ossuary)
  7 adders
  15 gnolls
  A white imp (D:7)
  2 ufetubi (D:4)
  5 adder zombies (Ossuary)
  A worm (D:2)
  4 dart slugs
  39 orcs
  9 bats
  11 endoplasms
  5 giant cockroaches
  A gnoll zombie (Ossuary)
  12 goblins
  6 hobgoblins
  5 jackals
  3 quokkas
  9 ball pythons
  4 frilled lizards
  6 goblin zombies (Ossuary)
  4 hobgoblin zombies (Ossuary)
  22 kobolds
  5 kobold zombies (Ossuary)
  An orc zombie (Ossuary)
  A quokka zombie (Ossuary)
  4 rats
  A rat zombie (Ossuary)
358 creatures vanquished.

Vanquished Creatures (others)
  8 fungi (D:2)
  7 toadstools (D:2)
15 creatures vanquished.

Grand Total: 373 creatures vanquished

Notes
Turn   | Place    | Note
-------+----------+-------------------------------------------
     0 | D:1      | Armakuni the Human Monk began the quest for the Orb.
     0 | D:1      | Reached XP level 1. HP: 18/18 MP: 1/1
    27 | D:1      | Found an ornate altar of the Wu Jian Council.
   188 | D:1      | Reached XP level 2. HP: 16/24 MP: 2/2
   362 | D:1      | Reached skill level 4 in Long Blades
   362 | D:1      | Reached XP level 3. HP: 29/29 MP: 3/3
   720 | D:1      | Upgraded the game from 0.30-a0-1074-g5db6f66fbb to
                  | 0.30-a0-1082-g70414cbcbb
  1137 | D:2      | Reached XP level 4. HP: 34/35 MP: 4/4
  1359 | D:2      | Noticed Terence
  1363 | D:2      | Killed Terence
  1364 | D:2      | Reached skill level 5 in Long Blades
  1584 | D:2      | Reached XP level 5. HP: 21/41 MP: 5/5
  1650 | D:2      | Reached skill level 6 in Long Blades
  1691 | D:2      | Noticed Natasha
  1692 | D:2      | Found a shimmering altar of Xom.
  1699 | D:2      | Killed Natasha
  1715 | D:2      | Reached XP level 6. HP: 47/47 MP: 6/6
  2083 | D:3      | Found Haunweol's General Store.
  2090 | D:3      | Bought a potion of heal wounds for 65 gold pieces
  2480 | D:4      | Reached skill level 7 in Long Blades
  2558 | D:4      | Found a hide-covered altar of Uskayaw.
  2665 | D:4      | Reached XP level 7. HP: 46/52 MP: 7/7
  2790 | D:4      | Reached skill level 8 in Long Blades
  3201 | D:5      | Entered Level 5 of the Dungeon
  3313 | D:5      | Reached skill level 9 in Long Blades
  3313 | D:5      | Reached XP level 8. HP: 56/58 MP: 8/8
  3395 | D:5      | Found a sand-covered staircase.
  3403 | Ossuary  | Entered an ossuary
  3734 | Ossuary  | Reached skill level 10 in Long Blades
  4050 | D:5      | Reached XP level 9. HP: 50/63 MP: 9/9
  4064 | D:5      | Reached skill level 11 in Long Blades
  4711 | D:6      | Reached skill level 12 in Long Blades
  4747 | D:6      | Noticed Blork the orc
  4757 | D:6      | Killed Blork the orc
  4966 | D:6      | Noticed Eustachio
  4975 | D:6      | Killed Eustachio
  5163 | D:7      | Found a staircase to the Ecumenical Temple.
  5175 | Temple   | Entered the Ecumenical Temple
  5254 | Temple   | Became a worshipper of Elyvilon the Healer
  5254 | Temple   | Reached * piety under Elyvilon
  5254 | Temple   | Reached ** piety under Elyvilon
  5343 | D:7      | HP: 3/63 [gnoll/+0 halberd[a gnoll bouda] (7)]
  5349 | D:7      | Reached skill level 13 in Long Blades
  5542 | D:7      | Found an iron altar of Okawaru.
  5658 | D:7      | Reached skill level 1 in Invocations
  5658 | D:7      | Reached XP level 10. HP: 59/70 MP: 7/10
  5821 | D:7      | Found a runed translucent door.
  5822 | D:7      | Noticed Crazy Yiuf
  5826 | D:7      | Killed Crazy Yiuf
  6227 | D:8      | Reached skill level 5 in Invocations
  6250 | D:8      | Noticed Psyche
  6259 | D:8      | Killed Psyche
  6315 | D:8      | Noticed Prince Ribbit
  6329 | D:8      | Killed Prince Ribbit
  6364 | D:8      | Noticed Erica
  6380 | D:8      | Killed Erica
  6381 | D:8      | Reached skill level 5 in Fighting
  6902 | D:9      | Reached *** piety under Elyvilon
  7021 | D:9      | Noticed a two-headed ogre
  7031 | D:9      | Killed a two-headed ogre
  7032 | D:9      | Reached XP level 11. HP: 83/83 MP: 16/16
  7364 | D:9      | Found an ornate altar of the Wu Jian Council.
  7488 | D:9      | Found a runed translucent door.
  7488 | D:9      | Noticed bmj180's ghost (novice MfIE)
  7511 | D:9      | Killed bmj180's ghost
  7614 | D:10     | Entered Level 10 of the Dungeon
  7688 | D:10     | Upgraded the game from 0.30-a0-1082-g70414cbcbb to
                  | 0.30-a0-1094-g860fb061e7
  7863 | D:10     | Noticed Amaemon
  7875 | D:10     | Killed Amaemon
  7992 | D:10     | Found a staircase to the Orcish Mines.
  8008 | D:10     | Reached skill level 10 in Invocations
  8316 | D:10     | Found Wopacs's Assorted Antiques.
  8320 | D:10     | Bought a scroll of summoning for 275 gold pieces
  8730 | D:11     | Reached **** piety under Elyvilon
  8881 | D:11     | Noticed a two-headed ogre
  8884 | D:11     | Noticed a two-headed ogre
  8891 | D:11     | Killed a two-headed ogre
  8892 | D:11     | Reached XP level 12. HP: 31/95 MP: 19/19
  8895 | D:11     | Killed a two-headed ogre
  8896 | D:11     | Reached skill level 14 in Long Blades
  9011 | D:11     | Noticed a two-headed ogre
  9030 | D:11     | Killed a two-headed ogre
  9082 | D:11     | Noticed a two-headed ogre
  9082 | D:11     | Noticed a two-headed ogre
  9082 | D:11     | Noticed a two-headed ogre
  9083 | D:11     | Paralysed by a floating eye for 4 turns
  9092 | D:11     | Noticed a catoblepas
  9094 | D:11     | Killed a two-headed ogre
  9095 | D:11     | Killed a two-headed ogre
  9096 | D:11     | Reached skill level 15 in Long Blades
  9098 | D:11     | Killed a two-headed ogre
  9103 | D:11     | Noticed a two-headed ogre
  9104 | D:11     | Killed a catoblepas
  9121 | D:11     | Noticed a two-headed ogre
  9122 | D:11     | Killed a two-headed ogre
  9136 | D:11     | Killed a two-headed ogre
  9284 | D:11     | Found a staircase to the Lair.
  9295 | D:11     | Reached skill level 16 in Long Blades
  9380 | D:11     | Reached XP level 13. HP: 101/101 MP: 20/20
  9946 | D:12     | Reached skill level 17 in Long Blades
 10079 | D:12     | Identified the +10 rapier "Tamefopi" {flame, Drain rCorr
                  | Str+2}
 10101 | D:12     | Demolished by a boulder beetle

Illustrated notes

Levels and vault maps discovered:
D:1:      sevenhm_arrival_forest_fort_small_6, layout_basic,
          minmay_misc_feat_rows
D:2:      cheibrodos_fertilizer, layout_basic, serial_curves, eino_curves_03,
          eino_curves_02, basic_altar, kennysheep_potato, uniq_natasha,
          uniq_terence
D:3:      layout_rooms, serial_shops, shop_statue
D:4:      minmay_diamond_boxcup, layout_loops_ring,
          nicolae_uskayaw_murder_on_the_dancefloor
D:5:      layout_basic, nicolae_ossuary_entry_monument
D:6:      layout_loops_ring, uniq_eustachio, uniq_blork_the_orc
D:7:      black_bear_nest_2, layout_rooms, kennysheep_little_box,
          minmay_temple_entry_drinking_statues, uniq_crazy_yiuf_cottage
D:8:      layout_rooms, dreamdust_princess_corridor,
          chequers_serial_rivers_small_3, hangedman_abyss_or_decor_stagger,
          uniq_psyche, uniq_erica, uniq_prince_ribbit1
D:9:      layout_basic, mainiacjoe_overflow_swirl, gammafunk_ghost_grave
D:10:     layout_gridville, orc_0_dummy, serial_shops, shop, minivault_5,
          uniq_amaemon
D:11:     layout_basic, david_lair_generic, onia_ninara_cookie
D:12:     layout_cave_pools
Temple:   dpeg_three_leaves_temple

Skill      XL: |  1  2  3  4  5  6  7  8  9 10 11 12 13 |
---------------+----------------------------------------+-----
Long Blades    | 4 5 6 7 9 10 13 16 17 | 17.3
Invocations    | 1 7 10 | 10.0
Fighting       | 6 9 |  9.1
Dodging        | |  3.0
Stealth        | |  2.0

Action                     |  1- 3 |  4- 6 |  7- 9 | 10-12 | 13-15 || total
---------------------------+-------+-------+-------+-------+-------++-------
  Melee: Falchion          |   107 |    32 |       |       |       ||   139
         Dagger            |       |    94 |   480 |    18 |       ||   592
         Scimitar          |       |       |       |   345 |       ||   345
         Great sword       |       |       |       |    31 |    58 ||    89
  Throw: Boomerang         |       |     5 |       |     3 |       ||     8
         Dart              |       |     1 |       |     2 |       ||     3
         Throwing net      |       |       |       |     3 |       ||     3
 Invoke: Purification      |       |       |     2 |     2 |       ||     4
         Heal Self         |       |       |       |    10 |     2 ||    12
  Evoke: Wand              |       |       |     4 |    16 |     3 ||    23
    Use: Scroll            |       |     8 |     5 |    14 |     2 ||    29
         Potion            |       |     1 |     2 |     6 |       ||     9
   Stab: Sleeping          |       |     1 |     1 |     1 |     1 ||     4
         Paralysed         |       |       |       |     3 |       ||     3
         Held in net/web   |       |       |       |     3 |       ||     3
 Armour: Robe              |    24 |    23 |    11 |       |       ||    58
         Ring mail         |       |       |    48 |       |       ||    48
         Steam dragon scal |       |       |    36 |    57 |       ||    93
         Troll leather arm |       |       |       |     2 |    24 ||    26
  Dodge: Dodged            |    98 |    71 |   211 |   183 |    77 ||   640

Table legend: (Time is in decaauts)
 A = Elapsed time spent in this place.
 B = Non-inter-level travel time spent in this place.
 C = Inter-level travel time spent in this place.
 D = Time resting spent in this place.
 E = Time spent auto-exploring this place.
 F = Levels seen in this place.
 G = Mean time per level.
                   A        B        C        D        E       F      G
               +--------+--------+--------+--------+--------+-----+--------+
         Total |   9873 |   9555 |    318 |    727 |   5976 |  14 |  705.2 |
       Dungeon |   9335 |   9017 |    318 |    694 |   5731 |  12 |  777.9 |
        Temple |     82 |     82 |      0 |      0 |     58 |   1 |   82.0 |
       Ossuary |    455 |    455 |      0 |     33 |    187 |   1 |  455.0 |
               +--------+--------+--------+--------+--------+-----+--------+

Top non-repeatable levels by time:
    D:11: 1132 daAuts
     D:2: 1076 daAuts
    D:10: 1063 daAuts
     D:1: 893 daAuts
     D:7: 871 daAuts
     D:4: 749 daAuts
     D:6: 739 daAuts
     D:8: 732 daAuts
     D:9: 717 daAuts
     D:5: 617 daAuts
     D:3: 465 daAuts
 Ossuary: 455 daAuts
    D:12: 275 daAuts
  Temple: 82 daAuts
